Map: Kairos Junction LE

Players

luiggi

  • Race: Zerg Zerg
  • League: Gold
  • Spawn Location: 11:00

Mesrob - Winner!

  • Race: Terran Terran
  • League: Gold
  • Spawn Location: 5:00

VOD

Have the link to the VOD?

Description

Time

  • Played on: Jan. 11, 2019, 9:54 a.m.
  • Length: 13:12
Show
View Real Time Build Order
Export as new Build Order

luiggi Zerg 

Build Orders: Hatch First 

Get SALT Encoding   

  12  0:02  Drone  
  13  0:13  Overlord  
  13  0:19  Drone  
  14  0:33  Drone x2  
  16  0:36  Drone  
  17  1:02  Extractor, Drone x2  
  18  1:05  Hatchery  
  17  1:18  Spawning Pool  
  17  1:19  Drone  
  17  1:26  Drone  
  18  1:37  Drone  
  19  2:05  Metabolic Boost  
  19  2:06  Queen  
  21  2:16  Queen  
  21  2:18  Drone x4  
  27  2:24  Roach Warren  
  26  2:34  Drone x2  
  28  2:39  Overlord  
  28  2:58  Drone x3  
  31  3:02  Extractor  
  31  3:12  Drone  
  31  3:13  Drone x3  
  34  3:27  Overlord  
  34  3:41  Roach  
  36  3:44  Overlord  
  36  3:57  Roach x3  
  36  3:58  Roach  
  36  4:01  Overlord  
  44  4:04  Hatchery  
  43  4:20  Roach x7  
  57  4:25  Queen  
  57  4:29  Drone  
  60  4:40  Extractor x2  
  58  4:45  Overlord  
  58  4:49  Drone x2  
  60  4:58  Overlord  
  60  5:09  Ravager x2  
  60  5:10  Ravager x4  
  66  5:15  Overlord  
  66  5:17  Drone x7  
  66  5:18  Drone  
  71  5:41  Drone x2  
  71  5:42  Drone x5  
  78  5:53  Lair  
  78  6:02  Drone x5  
  83  6:09  Extractor  
  83  6:10  Drone  
  83  6:11  Extractor, Drone x5  
  87  6:26  Evolution Chamber x2  
  87  6:29  Hatchery  
  84  6:36  Drone x5  
  89  7:00  Zerg Missile Weapons Level 1, Infestation Pit, Spire  
  89  7:01  Zerg Ground Armor Level 1  
  87  7:04  Pneumatized Carapace  
  87  7:11  Drone  
  87  7:12  Drone x2  
  87  7:13  Overlord x4  
  90  7:27  Overlord  
  90  7:30  Queen  
  92  7:38  Hive  
  92  7:41  Neural Parasite  
  92  7:46  Queen  
  92  7:47  Overlord x2  
  92  7:49  Drone x6  
  100  8:02  Overlord  
  100  8:12  Overseer x4  
  100  8:17  Zerg Flyer Armor Level 1  
  100  8:57  Corruptor  
  100  8:58  Corruptor x4  
  100  8:59  Corruptor x2  
  114  9:07  Zerg Ground Armor Level 2, Zerg Missile Weapons Level 2  
  114  9:11  Ultralisk Cavern  
  114  9:14  Viper x2  
  119  9:23  Overlord x2  
  119  9:24  Drone x3  
  122  9:27  Extractor  
  122  9:28  Extractor  
  120  9:51  Viper x3  
  129  9:53  Zergling x4  
  129  9:54  Zergling x14  
  129  9:55  Zergling x4  
  140  10:03  Viper  
  143  10:36  Greater Spire  
  143  10:52  Viper x3  
  152  11:05  Roach x3  
  152  11:06  Roach x8  
  152  11:07  Roach  
  152  11:09  Overlord x3  
  176  11:48  Roach x4  
  176  11:49  Roach x6  
  176  11:50  Roach x2  
  184  12:28  Overlord x3  
  131  12:53  Roach x4  
Show
View Real Time Build Order
Export as new Build Order

Mesrob Terran - Winner!

Build Orders: Mech 

Get SALT Encoding   

  12  0:00  SCV  
  13  0:12  SCV  
  14  0:17  Supply Depot  
  14  0:24  SCV  
  15  0:39  SCV  
  15  0:40  Barracks  
  16  0:50  Refinery  
  16  0:51  SCV  
  17  1:03  SCV  
  18  1:15  SCV  
  19  1:29  Orbital Command  
  19  1:31  Marine  
  20  1:40  Command Center  
  20  1:55  Bunker  
  20  1:56  SCV  
  21  2:06  Barracks Tech Lab  
  21  2:08  SCV  
  22  2:24  Supply Depot, SCV  
  23  2:39  Factory  
  23  2:42  Refinery  
  23  2:46  SCV  
  23  2:49  Supply Depot  
  24  2:55  Orbital Command  
  24  2:57  Marine  
  24  2:58  SCV  
  26  3:10  SCV  
  27  3:19  Supply Depot  
  27  3:23  Siege Tank  
  27  3:26  SCV  
  31  3:29  SCV  
  32  3:38  SCV  
  32  3:39  Marine  
  34  3:41  SCV  
  34  3:44  Engineering Bay  
  35  3:51  SCV  
  36  3:55  Siege Tank  
  39  4:05  Armory  
  39  4:06  SCV  
  40  4:19  SCV  
  40  4:20  Missile Turret  
  41  4:29  Siege Tank  
  44  4:36  Missile Turret  
  44  4:40  Missile Turret  
  44  4:46  Factory  
  44  4:49  SCV  
  44  4:50  SCV  
  46  4:55  Command Center  
  46  5:01  SCV, Terran Vehicle Weapons Level 1  
  46  5:02  Missile Turret, SCV  
  48  5:14  SCV x2  
  49  5:17  Siege Tank  
  53  5:26  SCV  
  53  5:28  Sensor Tower  
  54  5:32  Missile Turret  
  54  5:38  SCV  
  55  5:49  Factory Reactor  
  55  5:55  Siege Tank  
  58  6:00  Missile Turret  
  58  6:08  Supply Depot  
  58  6:09  Missile Turret  
  58  6:12  Orbital Command  
  58  6:16  Command Center  
  58  6:19  SCV x2  
  60  6:25  Refinery  
  60  6:26  Refinery  
  60  6:29  Missile Turret  
  60  6:30  Hellbat x2  
  60  6:31  SCV x2  
  66  6:40  Factory  
  66  6:43  SCV  
  67  6:51  Refinery  
  67  6:55  Orbital Command  
  67  7:24  Factory Tech Lab  
  67  7:25  Thor  
  67  7:27  Hellbat x2  
  77  7:39  SCV  
  77  7:40  SCV  
  79  7:51  SCV, Thor  
  79  7:52  SCV  
  79  7:54  Hellbat x2  
  79  7:58  Factory  
  91  8:03  SCV  
  92  8:06  Supply Depot  
  92  8:12  Supply Depot  
  92  8:16  Hellbat x2  
  92  8:19  Refinery  
  96  8:32  Thor  
  102  8:35  Hellbat  
  102  8:36  Supply Depot  
  102  8:37  Hellbat  
  106  8:59  Supply Depot  
  106  9:05  SCV  
  106  9:06  SCV  
  108  9:13  Factory Reactor  
  108  9:17  Thor x2  
  108  9:18  Hellbat x2  
  108  9:21  Factory  
  108  9:23  Supply Depot  
  124  9:35  Planetary Fortress  
  124  9:47  Supply Depot  
  124  9:50  Command Center  
  124  9:58  Hellbat x4  
  124  9:59  Thor  
  138  10:08  Factory Tech Lab, Thor  
  138  10:09  Supply Depot  
  138  10:11  Supply Depot  
  144  10:15  Starport  
  144  10:19  Hellbat x2  
  148  10:31  Hellbat x2  
  148  10:35  Supply Depot  
  151  11:10  Supply Depot  
  151  11:15  Supply Depot  
  151  11:32  Starport  
  151  11:33  Supply Depot  
  151  11:37  Fusion Core, Supply Depot  
  151  11:47  Armory, Thor x3  
  151  11:49  Hellbat x4  
  177  11:55  Supply Depot  
  174  12:03  Supply Depot  
  171  12:11  Starport  
  159  12:18  Supply Depot  
  159  12:26  Supply Depot  
Tags
 
Composition
Mech
League
GoldGold
Matchup
TvZ
Replay Pack
sc2 replays
Spawn Locations
Cross Positions
Add a new tag
Caveats
  • Supply blocks, unpowered buildings, or Contaminate may cause inaccurate times.
  • Supply counts are checked every 10 seconds.